 Dungeon Crawl Stone Soup version 0.28-a0-723-g095bd1b44f (webtiles) character file.

Game seed: 7953741217510219510

238096 Lekart the Distorting Draconian (level 18, -4/167 (168) HPs)
             Began as a White Draconian Abyssal Knight on Oct 24, 2021.
             Was a Believer of Lugonu.
             Shot with a sling bullet by a faun (12 damage)
             ... on level 1 of the Shoals on Oct 26, 2021.
             The game lasted 02:34:21 (52224 turns).

Lekart the Distorting Draconian (DrAK)             Turns: 52224, Time: 02:34:22

HP:   -4/167 (168)  AC: 18    Str: 14    XL:     18   Next: 98%
MP:   31/31         EV: 20    Int: 20    God:    Lugonu [**....]
Gold: 1964          SH: 11    Dex: 18    Spells: 27/30 levels left

rFire   + + +      SeeInvis +   e - +9 war axe (distort)
rCold   + + .      Faith    +   G - +0 kite shield
rNeg    . . .      Spirit   .   (armour unavailable)
rPois   +          Reflect  .   r - +2 hat
rElec   .          Harm     .   y - +2 cloak {rF+}
rCorr   .          Rampage  .   L - +2 pair of gloves
Will    .....                   (no boots)
Stlth   +.........              I - amulet "Jynait" {Faith Dex+3}
HPRegen 1.37/turn               z - ring "Adoofe" {rF+++ Will- Str-3 Int+6 SInv}
MPRegen 0.22/turn               h - ring of willpower

@: lit by a corona, weak-willed, glowing, studying Dodging, lightly drained
A: breathe frost, AC +10, unfitting armour, cold resistance 2, cold-blooded,
sense surroundings 1, poison resistance, regeneration 1
}: 1/15 runes: gossamer
a: Breathe Frost, Renounce Religion, Depart the Abyss, Bend Space


You were on level 1 of the Shoals.
You worshipped Lugonu.
Lugonu was pleased with you.
You visited 9 branches of the dungeon, and saw 35 of its levels.
You visited the Abyss 12 times.
You visited 1 bazaar.
You also visited: Bailey, Ice Cave and Volcano.

You collected 4615 gold pieces.
You spent 2651 gold pieces at shops.

Inventory:

Hand Weapons
 a - a +2 hand axe of flaming
 e - a +9 war axe of distortion (weapon)
 A - a +5 arbalest of venom
Missiles
 c - 258 bolts
 N - 7 throwing nets
Armour
 r - a +2 hat (worn)
 y - a +2 cloak of fire resistance (worn)
 G - a +0 kite shield (worn)
 L - a +2 pair of gloves (worn)
Jewellery
 g - an amulet of guardian spirit
 h - a ring of willpower (right hand)
 o - a ring of positive energy
 p - a +4 ring of slaying
 w - a ring of resist corrosion
 z - the ring "Adoofe" (left hand) {rF+++ Will- Str-3 Int+6 SInv}
   (You acquired it in an ice cave)

   [ring of intelligence]

   Str:       It affects your strength (-3).
   Int:       It affects your intelligence (+6).
   rF:        It renders you almost immune to fire.
   SInv:      It lets you see invisible.
   Will:      It decreases your willpower.
 C - a ring of protection from cold
 I - the amulet "Jynait" (around neck) {Faith Dex+3}
   (You acquired it on level 2 of the Orcish Mines)

   [amulet of faith]

   It allows you to gain divine favour quickly.
   Dex:       It affects your dexterity (+3).
 S - a ring of see invisible
Wands
 j - a wand of flame (34)
 P - a wand of paralysis (6)
 T - a wand of charming (4)
 U - a wand of digging (22)
Scrolls
 b - 9 scrolls of teleportation
 f - a scroll of enchant weapon
 i - 9 scrolls of identify
 m - 3 scrolls of amnesia
 n - 2 scrolls of silence
 s - 3 scrolls of blinking
 u - a scroll of fog
 v - 2 scrolls of enchant armour
 B - 2 scrolls of magic mapping
 E - 2 scrolls of fear
 K - a scroll of brand weapon
 Q - a scroll of holy word
Potions
 d - 15 potions of curing
 k - 5 potions of flight
 l - 3 potions of heal wounds
 q - 2 potions of haste
 t - 3 potions of resistance
 x - a potion of mutation
 F - 2 potions of berserk rage
 H - 7 potions of ambrosia
 J - 5 potions of invisibility
 M - 2 potions of might
 W - a potion of magic
Miscellaneous
 D - a box of beasts
 O - a piece from Xom's chessboard (2/15)
 R - a tin of tremorstones (2/2)


   Skills:
 + Level 16.7 Fighting
 + Level 3.1 Short Blades
 + Level 17.9 Axes
 + Level 1.4(11.8) Polearms
 + Level 2.5 Crossbows
 + Level 15.1 Dodging
 + Level 8.4 Shields
 + Level 0.3 Unarmed Combat
 * Level 6.9 Spellcasting
 * Level 8.9 Ice Magic
 * Level 19.2 Invocations
 + Level 3.9 Evocations


You had 27 spell levels left.
You knew the following spells:

 Your Spells              Type           Power      Damage    Failure   Level
a - Ozocubu's Armour      Ice            42%        N/A       1%          3

Your spell library contained the following spells:

 Spells                   Type           Power      Damage    Failure   Level
 Animate Skeleton         Necr           12%        N/A       22%         1
 Foxfire                  Conj/Fire      24%        2x1d5     22%         1
 Magic Dart               Conj           24%        1d4       22%         1
 Pain                     Necr           24%        1d5       22%         1
 Sting                    Tmut/Pois      24%        1d4       22%         1
 Blink                    Tloc           12%        N/A       32%         2
 Call Imp                 Summ           6%         N/A       32%         2
 Poisonous Vapours        Pois/Air       12%        N/A       32%         2
 Searing Ray              Conj           12%        2d4       32%         2
 Static Discharge         Conj/Air       6%         N/A       32%         2
 Conjure Flame            Conj/Fire      6%         6-21      54%         3
 Inner Flame              Hex/Fire       6%         N/A       54%         3
 Mephitic Cloud           Conj/Pois/Air  6%         N/A       54%         3
 Vampiric Draining        Necr           3%         2d6       54%         3
 Metabolic Englaciation   Hex/Ice        12%        N/A       67%         5
 Freezing Cloud           Conj/Ice/Air   9%         6-21      87%         5
 Cause Fear               Hex            3%         N/A       91%         4
 Dispel Undead            Necr           6%         3d8       91%         4
 Flame Wave               Conj/Fire      6%         3d4       91%         4
 Fulminant Prism          Conj/Hex       3%         3d6       91%         4
 Iskenderun's Mystic Bla  Conj/Tloc      6%         2d4       91%         4
 Olgreb's Toxic Radiance  Pois           6%         N/A       91%         4
 Sticky Flame             Conj/Fire      6%         2d3       91%         4
 Fireball                 Conj/Fire      3%         3d4       99%         5
 Lee's Rapid Deconstruct  Erth           3%         3d6*      99%         5
 Lightning Bolt           Conj/Air       3%         1d14      99%         5
 Manifold Assault         Tloc           6%         N/A       99%         5
 Simulacrum               Ice/Necr       12%        N/A       99%         6
 Dispersal                Tloc           3%         N/A       100%        6
 Starburst                Conj/Fire      3%         6d3       100%        6
 Dragon Form              Tmut           3%         N/A       100%        7
 Storm Form               Tmut/Air       3%         N/A       100%        7
 Discord                  Hex            3%         N/A       100%        8
 Disjunction              Tloc           3%         N/A       100%        8
 Ignition                 Fire           3%         3d4       100%        8
 Dragon's Call            Summ           3%         N/A       100%        9


Dungeon Overview and Level Annotations

Branches:
Dungeon (15/15)            Temple (1/1) D:5            Lair (6/6) D:10
 Shoals (1/4) Lair:3       Spider (4/4) Lair:3        Slime (0/5) Lair:5
    Orc (2/2) D:10            Elf (3/3) Orc:2        Vaults (0/5) D:14
 Depths (2/4) D:15           Hell (visited)          Bailey (visited)
  IceCv (visited)         Volcano (visited)
    Dis: Hell:1         Geh: Hell:1         Coc: Hell:1         Tar: Hell:1

Altars:
Ashenzari
Cheibriados
Dithmenos
Elyvilon
Fedhas
Gozag
Hepliaklqana
Kikubaaqudgha
Makhleb
Nemelex Xobeh
Okawaru
Qazlal
Ru
Sif Muna
Trog
Uskayaw
Vehumet
Wu Jian
Xom
Yredelemnul
Zin
The Shining One
Beogh

Shops:
D:1 !   Orc:2 *?[=   Elf:1 :

Portals:
Hell: Depths:1
Abyss: Depths:1

Annotations:
D:5 exclusion: downstairs
D:8 exclusion: downstairs
Spider:1 corrupted, exclusion: downstairs
Elf:2 3 runed translucent doors, corrupted, Suip's ghost, adept MiFi
Depths:1 exclusion: downstairs
Depths:2 the Enchantress
Abyss:1 MirrMurr's ghost, adept SpEn; Roxanne; Ykleste's ghost, journeyman GrFi


Innate Abilities, Weirdness & Mutations

You can breathe waves of freezing cold which knock back foes.
Your icy white scales are hard. (AC +10)
You cannot fit into any form of body armour.
Your flesh is very cold resistant. (rC++)
You are cold-blooded and may be slowed by cold attacks.
You passively map a small area around you.
Your system is resistant to poisons. (rPois)
Your natural rate of healing is unusually fast.


Message History

The faun is severely wounded.
You slash the faun!
The faun blinks!
The faun closely misses you.
The merfolk javelineer closely misses you.
The faun shoots a sling bullet.
The sling bullet hits you but does no damage.
You barely miss the faun.
The faun is severely wounded.
You block the merfolk javelineer's attack.
The faun splashes around in the water.
You slice the faun!!
You kill the faun!
Lugonu accepts your kill.
You hear a splash. x3
The merfolk javelineer throws a javelin.
The javelin completely misses you.
The faun shoots a sling bullet.
The sling bullet hits you!!
The faun unwields a +0 spear.
The faun wields a +0 hunting sling.
The faun shoots a sling bullet.
The sling bullet hits you!!
The merfolk throws a boomerang.
The boomerang hits you.
The faun shoots a sling bullet.
The sling bullet hits you.
The faun shoots a sling bullet.
The sling bullet hits you!
The merfolk javelineer throws a javelin.
The javelin pierces through you!!
* * * LOW HITPOINT WARNING * * *
The faun shoots a sling bullet.
The sling bullet hits you!
* * * LOW HITPOINT WARNING * * *
You block the merfolk's attack.
You enter the shallow water.
Moving in this stuff is going to be slow.
The merfolk javelineer throws a javelin.
The javelin pierces through you.
* * * LOW HITPOINT WARNING * * *
The faun shoots a sling bullet.
The sling bullet completely misses you.
The snapping turtle bites you from afar.
* * * LOW HITPOINT WARNING * * *
The merfolk javelineer throws a javelin.
The javelin pierces through you!
* * * LOW HITPOINT WARNING * * *
The faun shoots a sling bullet.
The sling bullet hits you!
You die...

≈≈≈≈≈≈≈≈≈≈≈≈≈≈≈≈≈≈ ≈
≈≈≈≈≈≈≈≈≈≈≈≈≈≈≈≈≈≈≈ ≈
≈≈≈≈≈≈≈≈≈≈≈≈≈≈≈≈≈≈≈.
* ≈
≈≈≈≈≈≈≈≈≈≈≈≈≈≈≈≈≈≈..
≈≈≈≈≈≈≈≈≈≈≈≈≈≈≈≈... ≈
≈≈≈≈≈≈≈≈≈≈≈..≈≈(.#***
≈
≈≈≈≈≈≈.≈≈....(...##.
*
≈≈≈....<≈≈..........
*
≈≈≈...##..@≈........
≈≈≈≈.# #.##≈.##....#
, ≈≈≈≈
...##.≈..c...## ≈
≈≈≈≈≈.≈.≈≈≈t≈≈≈..≈..
≈
≈≈≈≈≈≈≈≈≈≈≈≈mc≈≈≈≈..
≈ ≈ ≈≈
≈≈≈≈≈≈≈≈≈≈)≈≈≈≈≈≈. ,
≈ ≈ ≈≈≈≈≈≈≈≈≈≈≈≈≈.≈≈≈
, ≈ ≈
≈≈≈≈≈≈≈...≈≈≈≈≈≈≈ ≈
≈≈≈≈≈≈.##.≈≈≈≈≈≈


You could see a merfolk javelineer, a snapping turtle and 2 fauns.

Vanquished Creatures
  Asterion (Spider:3)
  Mlioglotl (Spider:1)
  A lich (Abyss:2)
  3 tentacled starspawn
  Kirke (D:13)
  A frost giant (Depths:1)
  3 emperor scorpions
  A deep elf sorcerer (Elf:3)
  2 ghost moths (Spider:4)
  A cacodemon (Abyss:1)
  2 deep elf elementalists (Elf:2)
  2 spriggan defenders (Depths:1)
  A stone giant (Depths:1)
  3 very ugly things (Depths:1)
  2 deep elf demonologists (Elf:3)
  2 deep elf annihilators (Elf:3)
  A minotaur (Lair:6)
  A lorocyproca (Abyss:1)
  Snorg (Abyss:1)
  2 deep elf death magi
  A blizzard demon (Abyss:1)
  A fire dragon (Depths:1)
  2 deep elf high priests (Elf:3)
  2 great orbs of eyes (Depths:1)
  Harold (Abyss:1)
  2 vault guards (D:14)
  8 hydras
  3 rakshasas
  4 ice dragons
  A spriggan air mage (Depths:1)
  3 boulder beetles
  The ghost of Veteran the Eclecticist, a journeyman DECj of Vehumet (Lair:2)
  Erica (D:9)
  10 dancing weapons
  4 centaur warriors
  4 two-headed ogres
  An orc high priest (Orc:2)
  A spriggan berserker (Depths:1)
  Nergalle (Lair:1)
  9 deep elf knights
  3 thrashing horrors
  Sonja (D:13)
  The ghost of TimeIsEndless the Grappler, a novice DrCK of Xom (D:9)
  A soul eater (Depths:1)
  10 large abominations
  A sixfirhy (Abyss:1)
  A deep troll (Depths:1)
  A glowing orange brain (Depths:1)
  A spatial maelstrom (Depths:1)
  4 wretched stars (Abyss:1)
  A sea snake (Lair:6)
  2 bog bodies (IceCv)
  5 wizards
  A glowing orange brain (shapeshifter) (Elf:3)
  3 harpies (Lair:6)
  26 starcursed masses
  9 deep elf archers
  14 deep elf pyromancers
  11 deep elf zephyrmancers
  5 orc sorcerers
  An orc knight (D:15)
  An oklob plant (Lair:2)
  24 wolf spiders
  2 worldbinders (Abyss:1)
  5 ugly things
  A moth of wrath (Spider:3)
  19 orb spiders
  A faun (Shoals:1)
  5 cyclopes
  2 manticores
  2 spectral centaurs (D:9)
  Maurice (D:10)
  An elephant (shapeshifter) (Elf:1)
  A black mamba (shapeshifter) (D:13)
  An ice statue (IceCv)
  5 toenail golems (Volcano)
  An apocalypse crab (Abyss:1)
  29 elephants
  4 black mambas
  3 gargoyles
  An unseen horror (D:11)
  2 smoke demons (Abyss:1)
  An orange demon (Abyss:1)
  19 cane toads
  2 torpor snails
  3 rime drakes
  An entropy weaver simulacrum (IceCv)
  2 ice devils (Lair:3)
  15 demonic crawlers
  3 tengu conjurers
  An alligator snapping turtle skeleton (Abyss:4)
  9 komodo dragons
  An efreet (Abyss:1)
  3 kobold demonologists
  7 trolls
  10 ancient zymes
  A queen bee (D:11)
  5 polar bears
  10 hornets
  3 meliai (D:14)
  2 tyrant leeches (Abyss:3)
  2 red devils (Abyss:1)
  28 jumping spiders
  5 slime creatures
  21 blink frogs
  3 raiju (Abyss:2)
  11 dream sheep
  A snapping turtle (Lair:6)
  A centaur simulacrum (D:9)
  4 water elementals
  A dire elephant simulacrum (IceCv)
  30 tarantellas
  A spriggan (shapeshifter) (Abyss:2)
  4 shadows
  63 redbacks
  An air elemental (Elf:3)
  3 ynoxinuls
  3 spriggans (Depths:1)
  2 wyverns
  2 fire elementals (Elf:1)
  4 fire bats (Abyss:2)
  37 yaks
  A golden eye (shapeshifter) (Elf:3)
  3 wraiths
  5 hogs (D:13)
  A hog (shapeshifter) (D:8)
  A human (D:14)
  5 basilisks
  A neqoxec (Abyss:2)
  2 steam dragons
  2 chaos spawn
  A death yak simulacrum (IceCv)
  7 vampire mosquitoes (D:11)
  A spatial vortex (Depths:1)
  3 harpy simulacra (IceCv)
  7 small abominations
  3 wargs
  3 acid dragons
  14 water moccasins
  A meliai simulacrum (D:15)
  4 ice beasts
  32 orc warriors
  A sky beast (Abyss:1)
  6 ogres
  3 wolves (D:10)
  A necrophage (D:5)
  8 centaurs
  A phantom (D:7)
  7 bullfrogs
  A scorpion (D:6)
  2 earth elementals
  8 two-headed ogre simulacra (IceCv)
  A water moccasin zombie (D:7)
  A water moccasin skeleton (D:4)
  28 killer bees
  4 elephant simulacra (IceCv)
  8 wights
  6 electric eels
  13 howler monkeys
  2 centaur zombies
  2 quasits (Abyss:1)
  7 hounds
  2 bullfrog skeletons
  A bullfrog zombie (D:7)
  A jelly (D:6)
  21 orc priests
  An iron imp (Abyss:1)
  5 iguanas
  33 orc wizards
  2 polar bear simulacra (IceCv)
  5 spriggan simulacra (IceCv)
  Terence (D:3)
  3 troll simulacra (IceCv)
  2 wolf simulacra (IceCv)
  A howler monkey zombie (D:9)
  7 adders
  3 gnolls (D:8)
  5 naga simulacra (IceCv)
  13 white imps
  5 ufetubi
  5 worms
  3 dart slugs (D:2)
  55 orcs
  8 ball pythons
  5 endoplasms
  5 giant cockroaches (D:1)
  13 goblins
  10 hobgoblins
  9 jackals
  12 kobolds
  3 quokkas
  2 bats (D:2)
  5 frilled lizards
  6 rats
  A bush (Lair:2)
  3 starspawn tentacles
1093 creatures vanquished.

Vanquished Creatures (collateral kills)
  Louise (D:15)
  A deep elf annihilator (Elf:1)
  A deep elf knight (Elf:1)
  A jumping spider (Spider:1)
  A wyvern (Lair:3)
  A redback (Spider:4)
6 creatures vanquished.

Vanquished Creatures (others)
  11 dancing weapons (Elf:2)
  4 deep elf knights (Elf:2)
  A wizard (Volcano)
  2 orb spiders
  3 deep elf pyromancers (Elf:2)
  5 deep elf zephyrmancers (Elf:2)
  2 wolf spiders
  An elephant (Lair:3)
  A komodo dragon (Lair:6)
  A demonic crawler (Spider:1)
  3 redbacks (Spider:1)
  2 tarantellas
  A human (Abyss:1)
  A spatial vortex (Spider:1)
  3 orc warriors (Bailey)
  41 fungi
  118 plants
  12 starspawn tentacles
212 creatures vanquished.

Grand Total: 1311 creatures vanquished

Notes
Turn   | Place    | Note
-------+----------+-------------------------------------------
     0 | Abyss:1  | Lekart the Draconian Abyssal Knight began the quest for the
                  | Orb.
     0 | Abyss:1  | Reached XP level 1. HP: 19/19 MP: 2/2
     0 | Abyss:1  | Found a corrupted altar of Lugonu.
    44 | Abyss:1  | Noticed a wretched star
    46 | D:1      | Escaped the Abyss
   366 | D:1      | Reached * piety under Lugonu
   435 | D:1      | Reached XP level 2. HP: 12/26 MP: 3/3
   962 | D:1      | Reached XP level 3. HP: 26/33 MP: 4/4
  1122 | D:1      | Reached ** piety under Lugonu
  1147 | D:1      | Found Asmyhoro's Distillery.
  1175 | D:1      | Bought a potion of curing for 36 gold pieces
  1442 | D:2      | Reached XP level 4. HP: 17/40 MP: 5/5
  2492 | D:2      | Found a faded altar of an unknown god.
  2492 | D:2      | Noticed a cacodemon
  2693 | D:3      | Noticed Terence
  2712 | D:3      | Killed Terence
  2999 | D:3      | Reached XP level 5. HP: 44/46 MP: 7/7
  3060 | D:3      | Reached skill level 3 in Invocations
  3550 | D:4      | Reached *** piety under Lugonu
  4198 | D:4      | Found a bloodstained altar of Trog.
  4323 | D:4      | Reached XP level 6. HP: 47/53 MP: 8/8
  4644 | D:5      | Entered Level 5 of the Dungeon
  4872 | D:5      | Reached skill level 5 in Axes
  5222 | D:5      | Found a staircase to the Ecumenical Temple.
  5236 | Temple   | Entered the Ecumenical Temple
  5418 | D:5      | Reached skill level 4 in Invocations
  5418 | D:5      | Your scales start taking on an icy white colour.
  5418 | D:5      | Reached XP level 7. HP: 24/60 MP: 8/10
  5418 | D:5      | Gained mutation: Your flesh is cold resistant. (rC+) [White
                  | Draconian growth]
  5987 | D:5      | Reached skill level 5 in Fighting
  6123 | D:5      | Gained mutation: You are agile. (Dex +2) [potion of
                  | mutation]
  6123 | D:5      | Gained mutation: You sometimes lose the ability to read
                  | scrolls when taking damage. [potion of mutation]
  6123 | D:5      | Gained mutation: Your muscles are strong. (Str +2) [potion
                  | of mutation]
  6829 | D:6      | Reached XP level 8. HP: 50/66 MP: 7/11
  7179 | D:6      | Reached skill level 5 in Invocations
  7857 | D:7      | Found a sparkling altar of Nemelex Xobeh.
  7938 | D:7      | Reached skill level 5 in Dodging
  8069 | D:7      | Noticed Harold
  8077 | D:7      | Banished Harold
  8078 | D:7      | Reached skill level 6 in Invocations
  8078 | D:7      | Reached XP level 9. HP: 57/78 MP: 3/13
  8294 | D:7      | Found a radiant altar of Vehumet.
  8295 | D:7      | Found a broken altar of Ashenzari.
  8296 | D:7      | Found a glowing silver altar of Zin.
  8296 | D:7      | Found a stormy altar of Qazlal.
  8491 | D:8      | Noticed a two-headed ogre
  8506 | D:8      | Banished a two-headed ogre
  8925 | D:8      | Found a flagged portal.
  8941 | Bailey   | Entered a bailey
 10988 | Bailey   | Reached skill level 7 in Invocations
 12221 | Bailey   | Reached skill level 1 in Crossbows
 13003 | Bailey   | Reached XP level 10. HP: 20/86 MP: 5/15
 13748 | D:8      | Reached skill level 1 in Polearms
 14041 | D:9      | Noticed a spectral centaur warrior
 14041 | D:9      | Noticed TimeIsEndless's ghost (novice DrCK)
 14041 | D:9      | Noticed a two-headed ogre
 14041 | D:9      | Found a runed translucent gate.
 14041 | D:9      | Found a runed translucent gate.
 14041 | D:9      | Found a runed translucent gate.
 14321 | D:8      | Banished a two-headed ogre
 14322 | D:8      | Reached skill level 8 in Invocations
 14732 | D:1      | Bought a potion of mutation for 96 gold pieces
 14732 | D:1      | Bought a potion of mutation for 96 gold pieces
 14734 | D:1      | Lost mutation: You sometimes lose the ability to read
                  | scrolls when taking damage. [potion of mutation]
 14734 | D:1      | Lost mutation: You are agile. (Dex +2) [potion of mutation]
 14734 | D:1      | Gained mutation: Your tail ends in a poisonous barb.
                  | [potion of mutation]
 14734 | D:1      | Gained mutation: You expend magic power (3 MP) to
                  | strengthen your wands. [potion of mutation]
 14734 | D:1      | Gained mutation: Your large and strong wings let you fly.
                  | [potion of mutation]
 14734 | D:1      | Gained mutation: You have large cloven feet. [potion of
                  | mutation]
 14735 | D:1      | Lost mutation: Your tail ends in a poisonous barb. [potion
                  | of mutation]
 14735 | D:1      | Lost mutation: You expend magic power (3 MP) to strengthen
                  | your wands. [potion of mutation]
 14735 | D:1      | Lost mutation: You have large cloven feet. [potion of
                  | mutation]
 14735 | D:1      | Gained mutation: Your natural rate of healing is unusually
                  | fast. [potion of mutation]
 14735 | D:1      | Gained mutation: Your tail ends in a poisonous barb.
                  | [potion of mutation]
 14735 | D:1      | Gained mutation: Your mind is acute. (Int +2) [potion of
                  | mutation]
 14735 | D:1      | Gained mutation: You have supernaturally acute eyesight.
                  | (SInv) [potion of mutation]
 14972 | D:9      | Noticed a spectral centaur warrior
 15104 | D:9      | Noticed Erica
 15116 | D:9      | Killed Erica
 15149 | D:9      | Reached **** piety under Lugonu
 15154 | D:9      | Noticed a two-headed ogre
 15161 | D:9      | Banished a two-headed ogre
 15162 | D:9      | Reached skill level 10 in Axes
 15765 | D:10     | Entered Level 10 of the Dungeon
 15793 | D:10     | Found a staircase to the Orcish Mines.
 15806 | Orc:1    | Entered Level 1 of the Orcish Mines
 15946 | Orc:1    | Found a dark tunnel.
 15951 | Volcano  | Entered a volcano
 15958 | Volcano  | Noticed a toenail golem
 15958 | Volcano  | Noticed a wizard
 15958 | Volcano  | Noticed a toenail golem
 15960 | Volcano  | Banished a wizard
 15961 | Volcano  | Reached skill level 9 in Invocations
 15970 | Volcano  | Killed a toenail golem
 15985 | Volcano  | Killed a toenail golem
 15986 | Volcano  | Reached XP level 11. HP: 95/95 MP: 12/18
 16020 | Volcano  | Noticed a wizard
 16029 | Volcano  | Killed a wizard
 16050 | Volcano  | Noticed a wizard
 16057 | Volcano  | Killed a wizard
 16069 | Volcano  | Noticed a wizard
 16069 | Volcano  | Noticed a wizard
 16082 | Volcano  | Killed a wizard
 16087 | Volcano  | Cast into level 2 of the Abyss (a wizard)
 16128 | Volcano  | Escaped the Abyss
 16135 | Volcano  | Killed a wizard
 16136 | Volcano  | Reached skill level 10 in Invocations
 16327 | Volcano  | Noticed a +0 mace of flaming
 16334 | Volcano  | Killed a +0 mace of flaming
 16581 | Orc:2    | Entered Level 2 of the Orcish Mines
 16630 | Orc:2    | Noticed an orc sorcerer
 16667 | Orc:2    | Noticed an orc sorcerer
 16678 | Orc:1    | Killed an orc sorcerer
 16753 | Orc:1    | Killed an orc sorcerer
 16788 | Orc:2    | Noticed an orc high priest
 16790 | Orc:2    | Noticed a soul eater
 16835 | Orc:2    | Noticed a sixfirhy
 17056 | D:10     | Noticed Maurice
 17067 | D:10     | Killed Maurice
 17190 | D:10     | Noticed a two-headed ogre
 17206 | D:10     | Banished a two-headed ogre
 17207 | D:10     | Reached skill level 10 in Fighting
 17377 | D:10     | Reached XP level 12. HP: 96/106 MP: 16/20
 17544 | D:10     | Lost mutation: Your tail ends in a poisonous barb. [potion
                  | of mutation]
 17544 | D:10     | Lost mutation: Your large and strong wings let you fly.
                  | [potion of mutation]
 17544 | D:10     | Lost mutation: You have supernaturally acute eyesight.
                  | (SInv) [potion of mutation]
 17544 | D:10     | Gained mutation: You are agile. (Dex +2) [potion of
                  | mutation]
 17544 | D:10     | Gained mutation: Your system is resistant to poisons.
                  | (rPois) [potion of mutation]
 17544 | D:10     | Gained mutation: Your spells are a little harder to cast,
                  | but a little more powerful. [potion of mutation]
 17544 | D:10     | Gained mutation: You are robust. (+10% HP) [potion of
                  | mutation]
 17663 | D:10     | Found a staircase to the Lair.
 18101 | D:11     | Reached skill level 11 in Invocations
 18223 | D:11     | Noticed a two-headed ogre
 18228 | D:11     | Banished a two-headed ogre
 18278 | D:11     | Identified the +6 rapier of Honour {spect, rN+ Will-
                  | Stlth+}
 18484 | D:11     | Reached skill level 1 in Short Blades
 18505 | D:11     | Reached skill level 1 in Shields
 18926 | D:11     | Noticed a two-headed ogre
 18945 | D:11     | Banished a two-headed ogre
 19381 | Lair:1   | Entered Level 1 of the Lair of Beasts
 19462 | Lair:1   | Noticed Nergalle
 19486 | Lair:1   | Killed Nergalle
 19750 | Lair:1   | Noticed an eight-headed hydra
 19758 | Lair:1   | Killed an eight-headed hydra
 20352 | Lair:2   | Found a runed translucent gate.
 20359 | Lair:2   | Found a runed translucent gate.
 20359 | Lair:2   | Found a runed translucent gate.
 20360 | Lair:2   | Noticed Veteran's ghost (journeyman DECj)
 20634 | Lair:2   | Reached XP level 13. HP: 80/127 MP: 12/21
 20635 | Lair:2   | Identified the ring of Gurrieru {Wiz SInv}
 20720 | Lair:2   | You fall into a shaft and drop 2 floors!
 20777 | Lair:4   | Reached ***** piety under Lugonu
 20789 | Lair:4   | Reached skill level 12 in Invocations
 21080 | Lair:4   | Noticed Snorg
 21092 | Lair:4   | Banished Snorg
 21766 | Lair:3   | Found a frozen archway.
 21805 | IceCv    | Entered an ice cave
 21861 | IceCv    | Upgraded the game from 0.28-a0-722-gc0678643b6 to
                  | 0.28-a0-723-g095bd1b44f
 22096 | IceCv    | Identified a scroll of acquirement
 22096 | IceCv    | Acquired the ring "Adoofe" {rF+++ Will- Str-3 Int+6 SInv}
 22535 | IceCv    | Reached skill level 1 in Evocations
 22736 | IceCv    | HP: 3/192 [entropy weaver simulacrum (25)]
 22966 | Lair:3   | Found a staircase to the Shoals.
 23347 | Lair:3   | Found a hole to the Spider Nest.
 23471 | Lair:3   | Reached skill level 13 in Invocations
 24245 | Lair:4   | Reached skill level 10 in Dodging
 24245 | Lair:4   | Reached XP level 14. HP: 118/138 MP: 18/23
 24951 | Lair:5   | Found a staircase to the Slime Pits.
 25523 | Lair:6   | Entered Level 6 of the Lair of Beasts
 26340 | Lair:6   | Found a runed translucent gate.
 26341 | Lair:6   | Found a runed translucent gate.
 26341 | Lair:6   | Found a runed translucent gate.
 26368 | Lair:6   | Reached skill level 15 in Axes
 26414 | Lair:6   | Noticed Ykleste's ghost (journeyman GrFi)
 26688 | Lair:6   | Reached skill level 14 in Invocations
 27112 | Lair:6   | Lost mutation: Your spells are a little harder to cast, but
                  | a little more powerful. [potion of mutation]
 27112 | Lair:6   | Lost mutation: Your muscles are strong. (Str +2) [potion of
                  | mutation]
 27112 | Lair:6   | Gained mutation: You expend magic power (3 MP) to
                  | strengthen your wands. [potion of mutation]
 27112 | Lair:6   | Gained mutation: You are somewhat resistant to further
                  | mutation. [potion of mutation]
 27653 | Lair:6   | Banished Ykleste's ghost
 27654 | Lair:6   | Reached skill level 5 in Shields
 27794 | Lair:6   | Got Giarhiv's Reference Book on Weightlessness
 27886 | Spider:1 | Entered Level 1 of the Spider Nest
 27972 | Spider:1 | Reached XP level 15. HP: 149/149 MP: 25/25
 28166 | Spider:1 | Noticed Mlioglotl
 28187 | Spider:1 | Corrupted Spider:1
 28187 | Spider:1 | Noticed a deep elf sorcerer
 28188 | Spider:1 | Noticed a lich
 28202 | Spider:1 | Killed Mlioglotl
 30338 | Orc:2    | Found Voucvauxt's Jewellery Emporium.
 30338 | Orc:2    | Found Tium's Magic Scroll Shoppe.
 30340 | Orc:2    | Found Acocka Qisel's Assorted Antiques.
 30376 | Orc:1    | Reached skill level 15 in Invocations
 30562 | Orc:2    | Found Jaru's Antique Armour Emporium.
 30566 | Orc:2    | Bought a glowing hat for 175 gold pieces
 30568 | Orc:2    | Bought a potion of mutation for 200 gold pieces
 30569 | Orc:2    | Bought a scroll of enchant weapon for 120 gold pieces
 30569 | Orc:2    | Bought a scroll of acquirement for 832 gold pieces
 30570 | Orc:2    | Bought a scroll of enchant weapon for 120 gold pieces
 30571 | Orc:2    | Acquired the amulet "Jynait" {Faith Dex+3}
 30644 | Orc:2    | Found a staircase to the Elven Halls.
 30651 | Orc:2    | Reached ****** piety under Lugonu
 32024 | D:9      | Killed TimeIsEndless's ghost
 32346 | Lair:2   | Identified a +9 war axe of distortion (a +9 war axe
                  | corrupted by Lugonu)
 32346 | Lair:2   | Received a gift from Lugonu
 32480 | Lair:2   | Killed Veteran's ghost
 32793 | D:1      | Bought a potion of curing for 36 gold pieces
 32793 | D:1      | Bought a potion of berserk rage for 60 gold pieces
 32793 | D:1      | Bought a potion of haste for 120 gold pieces
 33050 | Orc:2    | Bought a scroll of enchant armour for 120 gold pieces
 33052 | Orc:2    | Bought a scroll of brand weapon for 320 gold pieces
 33052 | Orc:2    | Bought a scroll of brand weapon for 320 gold pieces
 33052 | Orc:2    | Acquired a manual of Dodging
 33429 | D:13     | Noticed Kirke
 33429 | D:13     | Noticed Sonja
 33436 | D:13     | Killed Sonja
 33460 | D:13     | Killed Kirke
 34481 | D:14     | Cast into level 2 of the Abyss (a wizard)
 34521 | Abyss:2  | Reached XP level 16. HP: 155/161 MP: 27/27
 34542 | Abyss:2  | Noticed a lich
 34554 | Abyss:2  | Killed a lich
 34577 | Abyss:2  | Noticed a tentacled starspawn
 34587 | Abyss:2  | Noticed a hellephant
 34598 | Abyss:2  | Banished a tentacled starspawn
 34649 | D:14     | Escaped the Abyss
 34654 | D:14     | Reached skill level 16 in Invocations
 34826 | D:14     | Found a gate to the Vaults.
 35234 | D:15     | Entered Level 15 of the Dungeon
 35782 | D:15     | Found a staircase to the Depths.
 36504 | Depths:1 | Entered Level 1 of the Depths
 36504 | Depths:1 | Found a gateway to Hell.
 36507 | Depths:1 | Found a one-way gate to the infinite horrors of the Abyss.
 36507 | Depths:1 | Noticed Louise
 36585 | Hell     | Entered the Vestibule of Hell
 36607 | D:15     | Killed Louise
 36666 | Depths:1 | Found a flickering gateway to a bazaar.
 36686 | Bazaar   | Entered a bazaar
 36686 | Bazaar   | Found Wical's Book Shoppe.
 36686 | Bazaar   | Found Koasycit's Antique Armour Emporium.
 36691 | Bazaar   | Found Inaruol's Jewellery Emporium.
 36704 | Bazaar   | Found Marofiy's Antique Armour Shoppe.
 36726 | Bazaar   | Learned a level 3 spell: Ozocubu's Armour
 36828 | Depths:1 | Found a broken altar of Ashenzari.
 36841 | Depths:1 | Reached skill level 15 in Fighting
 36877 | Depths:1 | Reached skill level 1 in Ice Magic
 36904 | Depths:1 | HP: 7/163 [stone giant/large rock (26)]
 36909 | Depths:1 | Reached skill level 1 in Spellcasting
 37226 | Depths:1 | Paralysed by a great orb of eyes for 4 turns
 37374 | Depths:1 | Voluntarily entered the Abyss.
 37409 | Depths:1 | Escaped the Abyss
 37415 | Depths:1 | Killed a tentacled starspawn
 37451 | Depths:1 | Voluntarily entered the Abyss.
 37489 | Abyss:1  | Killed Harold
 37592 | Abyss:1  | Killed Snorg
 37774 | Depths:1 | Escaped the Abyss
 37870 | Depths:1 | Voluntarily entered the Abyss.
 38073 | Abyss:1  | Noticed a tentacled starspawn
 38082 | Abyss:1  | Killed a tentacled starspawn
 38260 | Depths:1 | Escaped the Abyss
 38398 | Depths:1 | Voluntarily entered the Abyss.
 38426 | Abyss:1  | Noticed an ancient lich
 38440 | Depths:1 | Escaped the Abyss
 38481 | Depths:1 | Voluntarily entered the Abyss.
 38803 | Abyss:2  | Found a corrupted altar of Lugonu.
 38842 | Abyss:2  | Found a basalt altar of Yredelemnul.
 38856 | Depths:1 | Escaped the Abyss
 38858 | Depths:1 | Voluntarily entered the Abyss.
 38895 | Abyss:1  | Noticed a tentacled starspawn
 38901 | Abyss:1  | Killed a tentacled starspawn
 38906 | Abyss:1  | Reached skill level 17 in Invocations
 38994 | Abyss:1  | Reached XP level 17. HP: 87/156 MP: 29/29
 38996 | Abyss:1  | Found a corrupted altar of Lugonu.
 39145 | Abyss:1  | Paralysed by accursed screaming for 2 turns
 39147 | Depths:1 | Escaped the Abyss
 39190 | Depths:1 | Voluntarily entered the Abyss.
 39261 | Abyss:1  | Paralysed by an orc sorcerer for 6 turns
 39298 | Abyss:1  | Paralysed by accursed screaming for 1 turns
 39515 | Depths:1 | Escaped the Abyss
 39960 | Depths:1 | Reached skill level 5 in Ice Magic
 40204 | Depths:2 | Noticed the Enchantress
 40754 | Spider:2 | Found a runed translucent door.
 40754 | Spider:2 | Noticed MirrMurr's ghost (adept SpEn)
 40817 | Spider:1 | HP: 5/173 [redback (13)]
 41144 | Spider:2 | Banished MirrMurr's ghost
 42633 | Spider:4 | Entered Level 4 of the Spider Nest
 43046 | Spider:3 | Reached skill level 5 in Spellcasting
 43263 | Spider:3 | Noticed Asterion
 43274 | Spider:3 | Killed Asterion
 43525 | Spider:4 | Lost mutation: You expend magic power (3 MP) to strengthen
                  | your wands. [potion of mutation]
 43525 | Spider:4 | Lost mutation: You are somewhat resistant to further
                  | mutation. [potion of mutation]
 43525 | Spider:4 | Lost mutation: Your mind is acute. (Int +2) [potion of
                  | mutation]
 43525 | Spider:4 | Lost mutation: You are robust. (+10% HP) [potion of
                  | mutation]
 43525 | Spider:4 | Gained mutation: Your flesh is heat resistant. (rF+)
                  | [potion of mutation]
 43526 | Spider:4 | Lost mutation: You are agile. (Dex +2) [potion of mutation]
 43526 | Spider:4 | Lost mutation: Your flesh is heat resistant. (rF+) [potion
                  | of mutation]
 43526 | Spider:4 | Gained mutation: You passively map a small area around you.
                  | [potion of mutation]
 43526 | Spider:4 | Gained mutation: Your magical capacity is low. (-10% MP)
                  | [potion of mutation]
 43526 | Spider:4 | Lost mutation: Your magical capacity is low. (-10% MP)
                  | [potion of mutation]
 43526 | Spider:4 | Gained mutation: Your flesh is very cold resistant. (rC++)
                  | [potion of mutation]
 43794 | Spider:4 | Reached XP level 18. HP: 147/166 MP: 0/30
 44595 | Spider:4 | Reached skill level 18 in Invocations
 44980 | Spider:4 | Got a gossamer rune of Zot
 45277 | Elf:1    | Entered Level 1 of the Elven Halls
 45372 | Elf:1    | Found Yfuq's Book Emporium.
 46121 | Elf:1    | Got Otheruus's Tome of Combat Magic
 46899 | Elf:2    | Noticed Roxanne
 46911 | Elf:2    | Banished Roxanne
 47138 | Elf:2    | Found a runed translucent gate.
 47139 | Elf:2    | Found a runed translucent gate.
 47139 | Elf:2    | Found a runed translucent gate.
 47139 | Elf:2    | Noticed Suip's ghost (adept MiFi)
 47587 | Elf:2    | Found a runed translucent gate.
 47587 | Elf:2    | Found a runed translucent gate.
 47587 | Elf:2    | Found a runed translucent gate.
 47595 | Elf:2    | Corrupted Elf:2
 47598 | Elf:2    | Noticed a bone dragon
 48635 | Elf:3    | Entered Level 3 of the Elven Halls
 48878 | Elf:3    | Reached skill level 15 in Dodging
 49459 | Elf:3    | Paralysed by an air elemental for 1 turns
 49463 | Elf:3    | Paralysed by an air elemental for 1 turns
 49467 | Elf:3    | Paralysed by an air elemental for 1 turns
 49480 | Elf:3    | Paralysed by an air elemental for 1 turns
 49534 | Elf:3    | Noticed a Brimstone Fiend
 49537 | Elf:3    | Noticed a Hell Sentinel
 49820 | Elf:3    | Noticed a Brimstone Fiend
 50027 | Elf:3    | Noticed an Ice Fiend
 50240 | Elf:3    | Noticed a Hell Sentinel
 50312 | Elf:3    | Noticed a Hell Sentinel
 50645 | Elf:3    | Reached skill level 19 in Invocations
 50798 | Elf:3    | Noticed a Brimstone Fiend
 51053 | Elf:3    | HP: 6/162 [something/damnation (41)]
 51220 | Elf:3    | Identified the +5 scale mail of the Beginning {*Slow rCorr
                  | SInv}
 51599 | Elf:3    | Noticed a Hell Sentinel
 51609 | Elf:3    | Cast into level 3 of the Abyss (a deep elf demonologist)
 51691 | Abyss:3  | Paralysed by accursed screaming for 2 turns
 51761 | Abyss:4  | Noticed a lich
 51763 | Abyss:4  | Noticed a bone dragon
 51767 | Elf:3    | Escaped the Abyss
 51853 | Elf:3    | Cast into level 3 of the Abyss (a deep elf demonologist)
 51883 | Abyss:3  | Found a corrupted altar of Lugonu.
 51930 | Elf:3    | Escaped the Abyss
 52204 | Shoals:1 | Entered Level 1 of the Shoals
 52224 | Shoals:1 | HP: 8/167 [merfolk javelineer/javelin (12)]
 52224 | Shoals:1 | Shot with a sling bullet by a faun

Illustrated notes

Levels and vault maps discovered:
D:1:      dpeg_arrival_rooms_a, layout_basic, serial_shops, shop
D:2:      minmay_chambers_of_ones, layout_loops_ring,
          dreamdust_ecumenical_altar_sealed_demon, minmay_pentomino_pile
D:3:      layout_loops_ring, nrook_campfire, uniq_terence
D:4:      layout_cave_pods, trog_three_pillars_becter, corexii_corridor_pit
D:5:      layout_loops_cross, minmay_temple_entry_statues_fountains,
          corner_web_ring, minmay_liquid_box
D:6:      layout_basic, hangedman_decor_opposing, grunt_decor_clamped,
          minmay_misc_feat_room, corexii_leaking_fountain,
          kennysheep_generic_room_9
D:7:      layout_gridville, mainiacjoe_overflow_alcove_3,
          nemelex_dance_club_becter, uniq_harold
D:8:      layout_basic, lightli_bailey_entry_fortress
D:9:      layout_cave_pools, gammafunk_ghost_necromancy, st_stairs_14,
          minmay_stone_trees_medium, uniq_erica
D:10:     layout_loops_ring, erik_lair_island, minmay_orc_entry_temple_small,
          serial_glass, glass_columns_c, glass_columns_a, glass_columns_a,
          glass_columns_a, glass_columns_b, glass_columns_a, glass_columns_a,
          glass_columns_a, glass_columns_a, glass_columns_a,
          minmay_fractal_squares_gapless_7, uniq_maurice
D:11:     layout_roguey, special_room [special_room_bee], serial_bayou,
          serial_bayou_pond_e, serial_bayou_crossing, serial_bayou_lagoon_a,
          serial_bayou_pond_b, st_stairs_11
D:12:     layout_roguey
D:13:     layout_basic, uniq_kirke, uniq_sonja
D:14:     layout_basic, grunt_vaults_entry_fortified
D:15:     grunt_enter_depths_hoard, layout_stronghold, minmay_misc_feat_iff
Temple:   regret_index_temple_sphere_string
Lair:1:   layout_roguey, chequers_serial_rivers_micro_d,
          grunt_forest_stairs_basic, uniq_nergalle
Lair:2:   layout_loops_ring, gammafunk_ghost_split, minmay_holes,
          minmay_hedge_maze, minmay_lair_oklob_items
Lair:3:   layout_cave_pods, shoals_dummy_entry, spider_nest_entry_a,
          special_room, portal_ice_cave_demonic_guard, st_stairs_9,
          serial_bayou_pond_e, grunt_megastairs_2, lemuel_fruit_tree
Lair:4:   layout_hall_layers, serial_bayou_shore_a, uniq_snorg
Lair:5:   layout_layer_cave, slime_dummy, grunt_megastairs_5
Lair:6:   gammafunk_lair_ancient_temple, layout_misc_corridors,
          maelrawn_ghost_gauntlet_escape, lemuel_old_faithful
Shoals:1: layout_shoals, lemuel_centaur_altar
Spider:1: layout_chambers, drop_trap, hangedman_spider_mandibles, uniq_mlioglotl
Spider:2: layout_spider_delve, hellmonk_ghost_happy_afterlife
Spider:3: layout_spider_delve, hangedman_stitches_earthworm, uniq_asterion
Spider:4: spider_rune_water, nicolae_spider_circle_web
Orc:1:    layout_caves, enter_volcano_4
Orc:2:    st_orc_mages, layout_caves
Elf:1:    nicolae_elf_arrival_fired_up, layout_gridlike, serial_shops,
          nicolae_take_the_stairs, minmay_elf_annihilation
Elf:2:    nicolae_elf_blades_splatter_lattice [nicolae_blade_entry_pointy_end],
          layout_geoelf_grid, ebering_ghost_rock_garden, uniq_roxanne
Elf:3:    minmay_elf_hall_hex, layout_geoelf_octagon
Depths:1: layout_basic, serial_sigils, serial_sigils_hangedman_writhe,
          serial_sigils_hangedman_scratch, serial_sigils_hangedman_scar,
          serial_sigils_hangedman_shear, serial_sigils_hangedman_etch,
          serial_sigils_hangedman_confine,
          nicolae_abyss_entry_one_way_or_another, serial_shops, bzr_entry_gold,
          hell_entry, ashenzari_conservatory_becter
Depths:2: minmay_outward_triangles, layout_cave_shapes, fedhas_altar_4,
          pf_coc_iceberg, grunt_pan_entry_spiral, abyss_entry_crystal,
          minmay_shop_grove, uniq_enchantress
Hell

Skill      XL: |  1  2  3  4  5  6  7  8  9 10 11 12 13 14 15 16 17 18 |
---------------+-------------------------------------------------------+-----
Axes           | 3 4 5 6 7 9 10 12 13 14 15 16 17 | 17.9
Fighting       | 4 5 6 7 8 10 11 12 13 14 15 16 | 16.7
Invocations    | 3 4 6 7 9 10 11 13 14 15 17 19 | 19.2
Dodging        | 3 4 5 6 7 9 10 11 13 14 15 | 15.1
Crossbows      | 1 2 |  2.5
Polearms       | 1 |  1.4
Short Blades   | 2 3 |  3.1
Shields        | 2 3 5 6 7 8 |  8.4
Evocations     | 2 3 |  3.9
Ice Magic      | 4 6 8 |  8.9
Spellcasting   | 3 5 6 |  6.9
Unarmed Combat | |  0.3

Action                   |  1- 3 |  4- 6 |  7- 9 | 10-12 | 13-15 | 16-18 || total
-------------------------+-------+-------+-------+-------+-------+-------++-------
Melee: Hand axe          |   142 |   210 |   209 |   104 |   585 |       ||  1250
       Tailslap          |    20 |    35 |    30 |   152 |   322 |   251 ||   810
       Spear             |       |       |    48 |       |       |       ||    48
       War axe           |       |       |       |   531 |  1125 |  1464 ||  3120
       Rapier            |       |       |       |   173 |       |       ||   173
       Scimitar          |       |       |       |    54 |       |       ||    54
       Unarmed           |       |       |       |       |     5 |       ||     5
 Fire: Arbalest          |       |       |    16 |    11 |       |    13 ||    40
 Cast: Ozocubu's Armour  |       |       |       |       |       |     6 ||     6
Invok: Depart the Abyss  |     1 |       |       |     1 |       |     7 ||     9
       Banish            |       |       |     4 |     8 |    20 |    45 ||    77
       Corrupt           |       |       |       |       |     1 |     1 ||     2
       Brand Weapon With |       |       |       |       |     1 |       ||     1
       Bend Space        |       |       |       |       |       |     4 ||     4
 Abil: Breathe Frost     |       |       |    17 |     4 |     2 |       ||    23
Evoke: Wand              |       |       |       |     3 |    34 |    40 ||    77
       Piece from Xom's  |       |       |       |       |    26 |    26 ||    52
       Box of beasts     |       |       |       |       |     2 |     5 ||     7
       Tin of tremorston |       |       |       |       |       |     3 ||     3
  Use: Scroll            |       |     7 |    10 |     3 |    16 |    23 ||    59
       Potion            |       |       |     5 |     3 |    12 |    11 ||    31
 Stab: Sleeping          |       |     2 |       |     5 |     4 |     3 ||    14
       Invisible         |       |       |     6 |       |       |       ||     6
       Distracted        |       |       |       |     1 |       |     1 ||     2
       Petrified         |       |       |       |       |     8 |       ||     8
       Petrifying        |       |       |       |       |     1 |       ||     1
       Paralysed         |       |       |       |       |       |     4 ||     4
Armor: Skin              |    41 |    56 |    70 |   303 |   520 |   381 ||  1371
Dodge: Dodged            |   100 |   122 |   286 |   692 |  1233 |  1097 ||  3530
Block: Buckler           |       |       |       |   114 |   383 |   199 ||   696
       Kite shield       |       |       |       |       |       |   365 ||   365

Table legend: (Time is in decaauts)
 A = Elapsed time spent in this place.
 B = Non-inter-level travel time spent in this place.
 C = Inter-level travel time spent in this place.
 D = Time resting spent in this place.
 E = Time spent auto-exploring this place.
 F = Levels seen in this place.
 G = Mean time per level.
                   A        B        C        D        E       F      G
               +--------+--------+--------+--------+--------+-----+--------+
         Total |  51760 |  48142 |   3618 |  15209 |  19427 |  53 |  976.6 |
       Dungeon |  18704 |  16744 |   1960 |   3018 |  10749 |  15 | 1246.9 |
        Temple |    170 |    142 |     28 |      0 |    128 |   1 |  170.0 |
          Lair |   7992 |   7355 |    637 |   1391 |   3998 |   6 | 1332.0 |
        Shoals |     20 |     20 |      0 |      0 |      0 |   1 |   20.0 |
   Spider Nest |   6381 |   5956 |    425 |   1924 |   1699 |   4 | 1595.2 |
  Orcish Mines |   1918 |   1643 |    275 |    336 |    614 |   2 |  959.0 |
   Elven Halls |   6466 |   6226 |    240 |   2767 |   1233 |   3 | 2155.3 |
        Depths |   1910 |   1860 |     50 |    646 |    462 |   2 |  955.0 |
          Hell |      3 |      3 |      0 |      0 |      0 |   1 |    3.0 |
         Abyss |   2181 |   2181 |      0 |    586 |    412 |  14 |  155.8 |
        Bazaar |     55 |     55 |      0 |      0 |      0 |   1 |   55.0 |
        Bailey |   4359 |   4359 |      0 |   3921 |      0 |   1 | 4359.0 |
      Ice Cave |   1046 |   1046 |      0 |    456 |     72 |   1 | 1046.0 |
       Volcano |    547 |    547 |      0 |    162 |     59 |   1 |  547.0 |
               +--------+--------+--------+--------+--------+-----+--------+

Top non-repeatable levels by time:
  Bailey: 4359 daAuts
   Elf:2: 3353 daAuts
Spider:1: 2338 daAuts
     D:8: 1994 daAuts
Depths:1: 1888 daAuts
  Lair:5: 1780 daAuts
 Abyss:1: 1654 daAuts
  Lair:6: 1612 daAuts
   Elf:1: 1588 daAuts
Spider:4: 1574 daAuts
   Elf:3: 1525 daAuts
  Lair:3: 1509 daAuts
    D:11: 1506 daAuts
     D:5: 1439 daAuts
    D:15: 1415 daAuts
